 Dungeon Crawl Stone Soup version 0.28-a0-863-g8cecda6153 (webtiles) character file.

Game seed: 7665015752680066236

1820 wakim the Grappler (level 8, -5/74 (80) HPs)
             Began as a Troll Monk on Nov 16, 2021.
             Slain by a wight (9 damage)
             ... on level 7 of the Dungeon.
             The game lasted 00:16:40 (4492 turns).

wakim the Grappler (Troll Monk)                     Turns: 4492, Time: 00:16:41

HP:   -5/74 (80)    AC:  4    Str: 20    XL:     8   Next: 85%
MP:   16/16         EV: 11    Int:  6    God:
Gold: 242           SH:  0    Dex: 14    Spells: 7/7 levels left

rFire   + . .      SeeInvis .     - Unarmed
rCold   + . .      Faith    .   (no shield)
rNeg    . . .      Spirit   .   a - +0 robe
rPois   .          Reflect  .   (helmet restricted)
rElec   .          Harm     .   d - scarf {rC+ rF+}
rCorr   .          Rampage  .   (gloves unavailable)
Will    +....                   (boots unavailable)
Stlth   ++........              j - amulet of the acrobat
HPRegen 1.22/turn               h - ring of willpower
MPRegen 0.15/turn               f - ring of magical power

@: drained
A: large, unfitting armour, claws 3, regeneration 1, shaggy fur 1, tough skin 1
a: no special abilities


You were on level 7 of the Dungeon.
You visited 1 branch of the dungeon, and saw 7 of its levels.

You collected 242 gold pieces.

Inventory:

Hand Weapons
 b - the +8 hunting sling of Fyzakuto {vorpal, Dex+5}
   (You found it on level 4 of the Dungeon)

   Any ammunition fired from it inflicts extra damage upon your enemies.
   Dex:       It affects your dexterity (+5).
Missiles
 l - 2 javelins
 m - 2 boomerangs
 n - 6 poisoned darts (quivered)
 o - a throwing net {=f!f}
 q - 17 sling bullets
 s - a curare-tipped dart {=f}
Armour
 a - a +0 robe (worn)
 d - a scarf of resistance (worn)
Jewellery
 f - a ring of magical power (right claw)
 h - a ring of willpower (left claw)
 j - an amulet of the acrobat (around neck)
Wands
 v - a wand of flame (11)
 w - a wand of acid (6)
 x - a wand of iceblast (8)
 y - a wand of paralysis (8)
Scrolls
 c - a scroll of noise {unknown}
 g - 2 scrolls of fear {unknown}
 i - a scroll of teleportation {unknown}
 p - a scroll of enchant armour {unknown}
Potions
 e - a potion of flight {unknown}
 k - 2 potions of attraction {unknown}
 A - a potion of ambrosia
 D - 2 potions of brilliance
 F - 2 potions of curing
 K - a potion of magic
 L - a potion of lignification {!q}


   Skills:
 + Level 5.1 Fighting
 + Level 2.8 Throwing
 + Level 5.1 Dodging
 - Level 1.0 Stealth
 * Level 8.4 Unarmed Combat


You had 7 spell levels left.
You didn't know any spells.
Your spell library contained the following spells:

 Spells                   Type           Power      Damage    Failure   Level
 Shock                    Conj/Air       0%         1d3       45%         1
 Summon Small Mammal      Summ           0%         N/A       45%         1
 Ensorcelled Hibernation  Hex/Ice        0%         N/A       58%         2
 Call Canine Familiar     Summ           0%         N/A       83%         3
 Summon Guardian Golem    Hex/Summ       0%         N/A       83%         3
 Swiftness                Air            0%         N/A       83%         3
 Tukima's Dance           Hex            0%         N/A       83%         3
 Airstrike                Air            0%         N/A       99%         4


Dungeon Overview and Level Annotations

Branches:
Dungeon (7/15)             Temple (0/1) D:7

Altars:
Nemelex Xobeh
Okawaru
Xom

Annotations:
D:5 1 runed translucent door, emperorscorpion's ghost, novice DjNe


Innate Abilities, Weirdness & Mutations

You are too large for most types of armour.
You have claws for hands.
Your natural rate of healing is unusually fast.
You are covered in fur. (AC +1)
You have tough skin. (AC +1)


Message History

A wyvern zombie comes into view.
A wight comes into view. It is wielding a +6 scimitar.
Things that are here:
a +2 halberd; a +0 robe You scratch the wight.
The wight is lightly damaged.
The wight barely misses you.
You scratch the wight.
The wight is moderately damaged.
The wight hits you with a +3 war axe.
You feel drained.
You scratch the wight but do no damage.
The wight is moderately damaged.
The wyvern zombie bites you! The wight barely misses you.
You claw the wight!
The wight is severely damaged.
The wyvern zombie bites you! The wight hits you with a +3 war axe!
You claw the wight!
You destroy the wight!
The wyvern zombie bites you.
Your life force feels restored.
You are too injured to fight recklessly!
Unknown command.
You scratch the wight.
The wight is moderately damaged.
You scratch the wight but do no damage.
The wight is moderately damaged.
The wight hits you with a +6 scimitar!
* * * LOW HITPOINT WARNING * * *
You feel drained.
* * * LOW HITPOINT WARNING * * *
You scratch the wight but do no damage.
The wight is moderately damaged.
The wight hits you with a +6 scimitar!
* * * LOW HITPOINT WARNING * * *
You scratch the wight.
The wight is heavily damaged.
The wight hits you with a +6 scimitar!!
* * * LOW HITPOINT WARNING * * *
You feel drained.
You die...

.... #.# ..# #.#
#.######.#####
#<##.........#
#.#.##.##...##.#
#......##...##.##
#.#.#.........).# #
...#.......>.....##.#
.# #..#.........@zZ.#
. ##...##...##.##).#
##..##...##.# ..#
............# ..#
###.#..####### ..#
#..... ..# ..# ..#


You could see a wight and a wyvern zombie.

Vanquished Creatures
  Prince Ribbit (D:6)
  A sky beast (D:5)
  3 ice beasts (D:6)
  3 centaurs
  An ogre (D:5)
  2 phantoms
  A kobold brigand (D:6)
  3 scorpions
  3 wights (D:7)
  A howler monkey (D:6)
  2 jellies
  An orc priest (D:4)
  2 iguanas
  2 orc wizards (D:4)
  9 adders
  An adder skeleton (D:4)
  A worm (D:2)
  6 dart slugs
  11 orcs
  8 ball pythons
  9 bats
  4 endoplasms
  3 giant cockroaches
  6 hobgoblins
  4 jackals (D:1)
  6 quokkas
  A frilled lizard (D:3)
  7 goblins
  16 kobolds
  6 rats
124 creatures vanquished.

Vanquished Creatures (others)
  A worm (D:4)
  A goblin (D:4)
  2 withered plants (D:5)
4 creatures vanquished.

Grand Total: 128 creatures vanquished

Notes
Turn   | Place    | Note
-------+----------+-------------------------------------------
     0 | D:1      | wakim the Troll Monk began the quest for the Orb.
     0 | D:1      | Reached XP level 1. HP: 22/22 MP: 0/0
    86 | D:1      | Reached XP level 2. HP: 29/29 MP: 1/1
   202 | D:1      | Found a faded altar of an unknown god.
   620 | D:2      | Reached XP level 3. HP: 36/36 MP: 2/2
   748 | D:2      | Reached skill level 4 in Unarmed Combat
   806 | D:2      | Reached XP level 4. HP: 44/44 MP: 3/3
  1425 | D:3      | Found a sparkling altar of Nemelex Xobeh.
  1937 | D:4      | Found a shimmering altar of Xom.
  1951 | D:4      | Reached XP level 5. HP: 53/53 MP: 4/4
  2063 | D:4      | Reached skill level 5 in Unarmed Combat
  2066 | D:4      | Reached XP level 6. HP: 32/61 MP: 5/5
  2208 | D:4      | Identified the +8 hunting sling of Fyzakuto {vorpal, Dex+5}
  2993 | D:5      | Entered Level 5 of the Dungeon
  3013 | D:5      | Found an iron altar of Okawaru.
  3048 | D:5      | Found a runed translucent door.
  3048 | D:5      | Noticed emperorscorpion's ghost (novice DjNe)
  3090 | D:5      | Reached skill level 6 in Unarmed Combat
  3090 | D:5      | Reached XP level 7. HP: 63/68 MP: 6/6
  3834 | D:6      | Reached skill level 7 in Unarmed Combat
  3912 | D:6      | Noticed Prince Ribbit
  3930 | D:6      | Reached skill level 1 in Throwing
  3930 | D:6      | Reached XP level 8. HP: 57/79 MP: 7/7
  4127 | D:6      | Killed Prince Ribbit
  4220 | D:6      | Reached skill level 8 in Unarmed Combat
  4292 | D:6      | Reached skill level 5 in Dodging
  4336 | D:6      | Reached skill level 5 in Fighting
  4466 | D:7      | Found a staircase to the Ecumenical Temple.
  4492 | D:7      | Slain by a wight

Illustrated notes

Levels and vault maps discovered:
D:1:      minmay_arrival_three_doors, layout_basic, basic_ecumenical_altar
D:2:      layout_basic
D:3:      layout_basic, mainiacjoe_overflow_chevrons
D:4:      wad_pebble_path, layout_loops_corners, xom_confusion_cloud,
          minmay_stone_trees_small
D:5:      layout_rooms, lemuel_doored_altar, gammafunk_ghost_grave,
          chequers_garden
D:6:      layout_rooms, uniq_prince_ribbit1
D:7:      layout_loops_ring, grunt_temple_overflow_order_and_chaos_2,
          mainiacjoe_overflow_brackets, minmay_temple_entry_stoned_glass,
          hangedman_decor_clover_reticule

Skill      XL: |  1  2  3  4  5  6  7  8 |
---------------+-------------------------+-----
Unarmed Combat | 4 5 6 7 8 |  8.4
Dodging        | 3 4 5 |  5.1
Fighting       | 3 4 5 |  5.1
Throwing       | 1 2 |  2.8
Stealth        | |  1.0

Action                   |  1- 3 |  4- 6 |  7- 9 || total
-------------------------+-------+-------+-------++-------
Melee: Unarmed           |   102 |   113 |   109 ||   324
       Punch             |     2 |     3 |     5 ||    10
 Fire: Hunting sling     |       |       |     2 ||     2
Throw: Dart              |       |       |     8 ||     8
  Use: Scroll            |       |     4 |     2 ||     6
       Potion            |       |     1 |       ||     1
 Stab: Sleeping          |     3 |     3 |       ||     6
Armor: Robe              |    49 |    21 |    30 ||   100
Dodge: Dodged            |    63 |    48 |    48 ||   159

Table legend: (Time is in decaauts)
 A = Elapsed time spent in this place.
 B = Non-inter-level travel time spent in this place.
 C = Inter-level travel time spent in this place.
 D = Time resting spent in this place.
 E = Time spent auto-exploring this place.
 F = Levels seen in this place.
 G = Mean time per level.
                   A        B        C        D        E       F      G
               +--------+--------+--------+--------+--------+-----+--------+
         Total |   4459 |   4124 |    335 |     71 |   3069 |   7 |  637.0 |
       Dungeon |   4459 |   4124 |    335 |     71 |   3069 |   7 |  637.0 |
               +--------+--------+--------+--------+--------+-----+--------+

Top non-repeatable levels by time:
     D:4: 1191 daAuts
     D:3: 798 daAuts
     D:5: 766 daAuts
     D:1: 609 daAuts
     D:6: 563 daAuts
     D:2: 504 daAuts
     D:7: 25 daAuts
